 Dungeon Crawl Stone Soup version 0.31.0-32-g396128a36d (webtiles) character file.

Game seed: 16352500243544534346

67543 Ulv the Executioner (level 15, -10/222 HPs)
             Began as a Hill Orc Fighter on Apr 14, 2024.
             Was a Plaything of Xom.
             Mangled by a harpy simulacrum (13 damage)
             ... in an ice cave.
             The game lasted 00:56:15 (22071 turns).

Ulv the Executioner (Hill Orc Fighter)             Turns: 22071, Time: 00:56:15

Health: -10/222    AC: 31    Str: 23    XL:     15   Next: 23%
Magic:  4/4        EV:  2    Int: 15    God:    Xom [.*....]
Gold:   2217       SH:  0    Dex: 13    Spells: 14/14 levels left

rFire   . . .        r - +8 Wrath of Trog {antimagic, *Rage Rampage}
rCold   . . .        (shield currently unavailable)
rNeg    . . .        q - melded +0 plate armour
rPois   +            (helmet currently unavailable)
rElec   .            n - melded +0 cloak
rCorr   .            (gloves currently unavailable)
SInv    .            N - melded +1 pair of boots {Fly}
Will    ++...        A - amulet "Pieceip" {Faith Int+4}
Stlth   +            u - +4 ring of protection
HPRegen 0.57/turn    y - ring of flight
MPRegen 0.09/turn

%: random rage (50%), rampage, faith
@: tree-form, on berserk cooldown, slowed, very slow
A: stationary, stasis, torment immunity, boosted hp, (fangs 2), (horns 2),
(talons 2), (iridescent scales 3), agile 1, clever 1, (fire resistance 2), low
MP 1, strong-willed 1, passive freeze, (shaggy fur 1), (electricity resistance),
(teleportitis 1), weak 1, wild magic 3, evolution 2, MP-powered wands, (sturdy
frame 1), noise suppression
a: Renounce Religion


You were in an ice cave.
You worshipped Xom.
You were a plaything of Xom.
You were a tree.
You visited 3 branches of the dungeon, and saw 18 of its levels.
You also visited: Ice Cave.

You collected 2434 gold pieces.
You spent 217 gold pieces at shops.

Inventory:

Hand Weapons
 a - a +0 war axe
 r - the +8 Wrath of Trog (weapon) {antimagic, *Rage Rampage}
   (You acquired it on level 4 of the Lair of Beasts)

   It causes slowness and exhaustion when equipped.
   It extends the wielder's berserk rage when killing foes.
   *Rage:     It berserks you when you make melee attacks (+50% chance).
   Rampage:   It bestows one free step when moving towards enemies.
 H - a +9 battleaxe of freezing
Missiles
 E - 2 throwing nets
 Y - 9 silver javelins
Armour
 n - a +0 cloak (melded)
 q - a +0 plate armour (melded)
 N - a +1 pair of boots of flying (melded)
Jewellery
 b - the amulet "Oluashre" {RegenMP Fly Dex+7}
   (You found it on level 3 of the Lair of Beasts)

   [amulet of magic regeneration]

   RegenMP:   It increases your rate of magic regeneration.
   Dex+7:     It affects your dexterity (+7).
   Fly:       It grants you flight.
 m - a ring of ice
 u - a +4 ring of protection (left branch)
 v - a +6 ring of dexterity
 w - an amulet of magic regeneration
 y - a ring of flight (right branch)
 z - an amulet of regeneration
 A - the amulet "Pieceip" (around neck) {Faith Int+4}
   (Xom gifted it to you on level 8 of the Dungeon)

   [amulet of faith]

   Faith:     It allows you to gain divine favour quickly.
   Int+4:     It affects your intelligence (+4).
 G - an amulet of the acrobat
 K - a +5 ring of evasion
 Q - a ring of magical power
 R - a ring of see invisible
 S - a ring of resist corrosion
Wands
 I - a wand of paralysis (21)
 L - a wand of iceblast (12)
 T - a wand of flame (2)
Scrolls
 c - a scroll of silence {unknown}
 d - a scroll of enchant armour {unknown}
 e - 3 scrolls of blinking
 g - 14 scrolls of teleportation
 h - 3 scrolls of poison
 i - a scroll of immolation
 j - 2 scrolls of fear
 l - 4 scrolls of revelation
 s - 3 scrolls of fog
 t - 2 scrolls of amnesia
 C - a scroll of vulnerability
 O - 8 scrolls of identify
 P - 3 scrolls of enchant weapon
Potions
 f - 6 potions of curing
 k - 2 potions of enlightenment
 o - 2 potions of lignification
 p - a potion of invisibility
 x - 3 potions of might
 D - 2 potions of brilliance
 J - 2 potions of resistance
 M - 2 potions of attraction {unknown}
 U - 10 potions of degeneration
 V - a potion of cancellation
 W - a potion of mutation
 X - a potion of magic
Miscellaneous
 B - a phial of floods (inert)


   Skills:
 - Level 17.7 Fighting
 - Level 21.9 Axes
 * Level 15.4 Armour
 - Level 3.2 Shields


You had 14 spell levels left.
You didn't know any spells.
Your spell library contained the following spells:

 Spells                   Type           Power      Damage    Failure   Level
 Magic Dart               Conj           0%         1d3       52%         1
 Sandblast                Erth           0%         2d4       52%         1
 Shock                    Conj/Air       0%         1d3       52%         1
 Blink                    Tloc           0%         N/A       65%         2
 Call Imp                 Summ           0%         N/A       65%         2
 Scorch                   Fire           0%         2d5       65%         2
 Dazzling Flash           Conj/Hex       0%         N/A       85%         3
 Inner Flame              Hex/Fire       0%         N/A       85%         3
 Mephitic Cloud           Conj/Alch/Air  0%         N/A       85%         3
 Passwall                 Erth           0%         N/A       85%         3
 Stone Arrow              Conj/Erth      0%         3d7       85%         3
 Volatile Blastmotes      Fire/Tloc      0%         2d10      85%         3
 Brom's Barrelling Bould  Conj/Erth      0%         2d3       99%         4
 Flame Wave               Conj/Fire      0%         2d4       99%         4
 Fulminant Prism          Conj/Alch      0%         3d5       99%         4
 Iskenderun's Mystic Bla  Conj/Tloc      0%         2d3       99%         4
 Vhi's Electric Charge    Tloc/Air       0%         N/A       99%         4
 Arcjolt                  Conj/Air       0%         1d10      100%        5
 Curse of Agony           Necr           0%         N/A       100%        5
 Freezing Cloud           Conj/Ice/Air   0%         6-21      100%        5
 Irradiate                Conj/Alch      0%         3d11      100%        5
 Silence                  Hex/Air        0%         N/A       100%        5
 Plasma Beam              Fire/Air       0%         2x1d10    100%        6
 Summon Cactus Giant      Summ           0%         N/A       100%        6
 Ignition                 Fire           0%         3d3       100%        8


Dungeon Overview and Level Annotations

Branches:
Dungeon (12/15)            Temple (0/1) D:7            Lair (5/5) D:11
 Shoals (0/4) Lair:3       Spider (0/4) Lair:2        Slime (0/5) Lair:4
    Orc (1/2) D:12          IceCv (1/1)

Altars:
Ashenzari
Cheibriados
Elyvilon
Makhleb
Okawaru
Ru
Sif Muna
Uskayaw
Wu Jian
Xom
Yredelemnul
Beogh
Jiyva

Shops:
D:3 [

Portals:
Hell: Lair:5

Annotations:
Lair:3 3 runed translucent doors IceCv exclusion: ice statue


Innate Abilities, Weirdness & Mutations

You are a tree.
Your roots penetrate the ground, keeping you stationary.
You cannot be teleported.
You are immune to unholy pain and torment.
Your maximum health is greatly increased.
Your equipment is partially melded.
((You have extremely sharp teeth.))
((You have a pair of horns on your head.))
((You have razor-sharp toenails.))
((You are completely covered in iridescent scales. (AC +6)))
You are agile. (Dex +4, Str/Int -1)
Your mind is acute. (Int +4, Str/Dex -1)
((Your flesh is very heat resistant. (rF++)))
Your magical capacity is low. (-10% MP)
You are strong-willed. (Will+)
A frigid envelope surrounds you and freezes all who hurt you.
((You are covered in fur. (AC +1)))
((You are resistant to electric shocks. (rElec)))
((You are occasionally teleported next to monsters.))
You are weak. (Str -2)
Your spells are much harder to cast, but much more powerful.
You have great hidden genetic potential.
You expend magic power (3 MP) to strengthen your wands.
((Your movements are slightly less encumbered by armour. (ER -2)))
You passively dampen the noise of your surroundings.


Message History

As you read the scroll of immolation, it crumbles to dust.
The creatures around you are filled with an inner flame!
The freezing wraith hits you but does no damage.
The freezing wraith completely resists.
The freezing wraith completely misses you.
The ice beast hits you but does no damage.
The ice beast completely resists.
The three-headed hydra simulacrum bites you but does no damage.
The three-headed hydra simulacrum completely resists.
The three-headed hydra simulacrum bites you but does no damage.
The three-headed hydra simulacrum completely resists.
The three-headed hydra simulacrum bites you but does no damage.
The three-headed hydra simulacrum completely resists.
The harpy simulacrum claws you but does no damage.
The harpy simulacrum completely resists.
The harpy simulacrum claws you but does no damage.
The harpy simulacrum completely resists.
The freezing wraith barely misses you. x2
Unknown command.
Okay, then.
Press: ? - help, v - describe, . - travel
Here: a freezing wraith (severely damaged, inner flame)
The floor.
As you read the scroll of fear, it crumbles to dust.
You assume a fearsome visage.
The three-headed hydra simulacrum is unaffected.
The ice beast looks frightened!
The ice statue is unaffected.
The freezing wraith is unaffected.
The harpy simulacrum is unaffected.
The harpy simulacrum claws you.
* * * LOW HITPOINT WARNING * * *
The harpy simulacrum freezes you!
* * * LOW HITPOINT WARNING * * *
The harpy simulacrum completely resists.
The harpy simulacrum completely misses you.
The harpy simulacrum claws you!
* * * LOW HITPOINT WARNING * * *
Xom roars with laughter!
The harpy simulacrum freezes you!
You die...
Xom howls with laughter!

########### #######
.)))#.....## ##..[)|#
...)#......###.....[#
..†.#.......#.......#
............8......|#
....#....Y..#.......#
....#....5.###.YZZ.!#
.)..#....5## #W♣(?)#
########### #######


You could see an ice statue, a freezing wraith (inner flame), an ice beast
(summoned, inner flame, fleeing), a three-headed hydra simulacrum (inner flame)
and a harpy simulacrum (inner flame).

Vanquished Creatures
  The ghost of cfcfcfcfcf the Frost Mage, a journeyman DrRe of Jiyva (Lair:2)
  Nessos (D:12)
  Azrael (D:12)
  A minotaur (Lair:2)
  Josephine (D:11)
  5 hydras
  5 catoblepae
  Erica (Lair:1)
  A boulder beetle (Lair:5)
  5 death yaks
  3 two-headed ogres
  An occultist (Lair:5)
  Nergalle (D:12)
  A skyshark (Lair:4)
  A sixfirhy (Lair:5)
  2 lindwurms
  Pikel (D:9)
  A wolf spider (Lair:2)
  3 ugly things
  2 cyclopes
  2 manticores (Lair:3)
  An oklob plant (Lair:4)
  2 ice statues (IceCv)
  10 elephants
  8 black mambas
  12 cane toads
  2 orange demons (Lair:5)
  5 rime drakes
  An unseen horror (D:12)
  A smoke demon (Lair:5)
  2 ice devils (Lair:5)
  8 komodo dragons
  A kobold demonologist (D:11)
  Psyche (D:12)
  A red devil (Lair:5)
  A troll (D:12)
  7 polar bears
  A hornet (D:10)
  8 blink frogs
  12 dream sheep
  Sigmund (D:3)
  5 wyverns
  51 yaks
  10 wraiths
  A fire elemental (D:12)
  Eustachio (D:4)
  3 fire bats (Lair:4)
  4 basilisks
  2 steam dragons
  4 death yak simulacra (IceCv)
  An acid dragon (D:10)
  A swamp worm (D:11)
  8 hell hounds
  14 water moccasins
  6 orc warriors
  A swamp drake (D:12)
  3 black bears
  2 ice beasts (D:6)
  A sky beast (D:7)
  5 centaurs
  3 ogres
  2 boggarts
  5 wolves
  A phantom (D:5)
  6 kobold brigands
  A scorpion (D:5)
  9 bullfrogs
  A cane toad simulacrum (IceCv)
  13 wights
  22 killer bees
  An elephant simulacrum (IceCv)
  5 electric eels
  2 howler monkeys
  3 bombardier beetles (D:5)
  A crimson imp (D:5)
  A hound (D:6)
  4 jellies
  8 orc priests
  Jessica (D:2)
  2 sleepcaps
  7 hell rats (Lair:4)
  8 iguanas
  7 orc wizards
  A wolf simulacrum (IceCv)
  An adder (D:3)
  2 white imps
  An ufetubus (D:5)
  2 dart slugs
  A ribbon worm (D:2)
  64 orcs
  5 ball pythons
  5 bats
  8 endoplasms
  3 giant cockroaches
  5 goblins
  4 hobgoblins
  7 jackals
  19 kobolds
  3 quokkas
  2 frilled lizards
  3 rats (D:1)
497 creatures vanquished.

Vanquished Creatures (collateral kills)
  2 hydras
  Erolcha (D:9)
  A two-headed ogre (D:11)
  A skyshark (Lair:5)
  A jumping spider (Lair:2)
  A wraith (D:11)
  2 kobold brigands (D:11)
  2 killer bees (D:9)
  A gnoll bouda (D:9)
  An iguana (D:7)
  An orc wizard (D:11)
  3 gnolls (D:9)
  2 kobolds (D:7)
19 creatures vanquished.

Vanquished Creatures (others)
  An eldritch tentacle (D:9)
  A killer bee (D:11)
2 creatures vanquished.

Grand Total: 518 creatures vanquished

Notes
Turn   | Place    | Note
-------+----------+-------------------------------------------
     0 | D:1      | Ulv the Hill Orc Fighter began the quest for the Orb.
     0 | D:1      | Reached XP level 1. HP: 19/19 MP: 1/1
    34 | D:1      | Reached skill level 3 in Axes
   126 | D:1      | Reached XP level 2. HP: 26/26 MP: 2/2
   159 | D:1      | Reached skill level 4 in Axes
   202 | D:1      | Reached XP level 3. HP: 17/31 MP: 3/3
   714 | D:2      | Found a faded altar of an unknown god.
   836 | D:2      | Prayed at the altar of an unknown god.
   836 | D:2      | Became a worshipper of Xom of Bone-Dry Humour
   984 | D:2      | XOM: silly message
  1003 | D:2      | Noticed Jessica
  1019 | D:2      | Killed Jessica
  1020 | D:2      | Reached skill level 5 in Axes
  1020 | D:2      | Reached XP level 4. HP: 38/39 MP: 4/4
  1061 | D:2      | XOM: give mutations
  1061 | D:2      | Gained mutation: Your magical capacity is low. (-10% MP)
                  | [Xom's mischief]
  1061 | D:2      | Gained mutation: You occasionally shout uncontrollably at
                  | your foes. [Xom's mischief]
  1061 | D:2      | Gained mutation: You are dopey. (Int -2) [Xom's mischief]
  1061 | D:2      | Gained mutation: Your spells are a little harder to cast,
                  | but a little more powerful. [Xom's mischief]
  1265 | D:2      | XOM: summons 3 hostile demons
  1477 | D:2      | XOM: divination: detect creatures
  1736 | D:3      | Noticed a water moccasin
  1743 | D:3      | XOM: snakes to sticks
  1936 | D:3      | Found Zijaull's Antique Armour Shoppe.
  2005 | D:3      | Noticed Sigmund
  2028 | D:3      | Killed Sigmund
  2029 | D:3      | Reached skill level 8 in Axes
  2029 | D:3      | Reached XP level 5. HP: 6/45 MP: 4/4
  2029 | D:3      | Reached XP level 6. HP: 7/51 MP: 5/5
  2483 | D:3      | XOM: give mutations
  2483 | D:3      | Lost mutation: You are dopey. (Int -2) [Xom's mischief]
  2483 | D:3      | Gained mutation: Your magical capacity is very low. (-20%
                  | MP) [Xom's mischief]
  2483 | D:3      | Gained mutation: Your body sometimes deteriorates upon
                  | taking damage. [Xom's mischief]
  2483 | D:3      | Lost mutation: Your spells are a little harder to cast, but
                  | a little more powerful. [Xom's mischief]
  2698 | D:4      | Lost mutation: Your body sometimes deteriorates upon taking
                  | damage. [potion of mutation]
  2698 | D:4      | Lost mutation: You occasionally shout uncontrollably at
                  | your foes. [potion of mutation]
  2698 | D:4      | Gained mutation: You are agile. (Dex +4, Str/Int -1)
                  | [potion of mutation]
  2698 | D:4      | Gained mutation: You have hidden genetic defects. [potion
                  | of mutation]
  2698 | D:4      | Gained mutation: You possess an exceptional clarity of
                  | mind. [potion of mutation]
  2924 | D:4      | Noticed Eustachio
  2925 | D:4      | XOM: confuse monster(s)
  2930 | D:4      | Killed Eustachio
  2931 | D:4      | Reached skill level 9 in Axes
  2935 | D:4      | Gained mutation: You are weak. (Str -2) [hidden defects]
  3052 | D:4      | Found a sacrificial altar of Ru.
  3054 | D:4      | Found a shimmering altar of Xom.
  3115 | D:4      | Reached XP level 7. HP: 54/57 MP: 5/5
  3268 | D:4      | XOM: give mutation
  3268 | D:4      | Gained mutation: You have large cloven feet. [Xom's
                  | mischief]
  3376 | D:4      | XOM: give mutation
  3376 | D:4      | Gained mutation: You passively map a small area around you.
                  | [Xom's grace]
  3547 | D:4      | XOM: god gift: 51 gold pieces
  3573 | D:4      | XOM: god gift: 14 gold pieces
  3635 | D:5      | Entered Level 5 of the Dungeon
  3657 | D:5      | Gained mutation: You are occasionally teleported next to
                  | monsters. [hidden defects]
  3657 | D:5      | Lost mutation: You have hidden genetic defects. [hidden
                  | defects expressed]
  3786 | D:5      | Reached skill level 10 in Axes
  3789 | D:5      | XOM: confuse monster(s)
  3798 | D:5      | XOM: polymorph ufetubus -> crimson imp
  3809 | D:5      | Identified a scroll of acquirement
  3916 | D:5      | Acquired 640 gold pieces
  3957 | D:3      | XOM: give mutations
  3957 | D:3      | Gained mutation: You have very sharp teeth. [Xom's grace]
  3957 | D:3      | Gained mutation: A frigid envelope surrounds you and
                  | freezes all who hurt you. [Xom's grace]
  3957 | D:3      | Gained mutation: You are partially covered in iridescent
                  | scales. (AC +2) [Xom's grace]
  4056 | D:5      | XOM: scenery: create altars
  4062 | D:5      | Reached skill level 11 in Axes
  4211 | D:5      | Reached XP level 8. HP: 60/64 MP: 6/6
  4290 | D:5      | XOM: 1-stop teleportation journey
  4293 | D:5      | Reached skill level 12 in Axes
  4497 | D:5      | XOM: polymorph adder -> bombardier beetle
  4499 | D:5      | XOM: silly message
  4586 | D:5      | Found a broken altar of Ashenzari.
  4730 | D:5      | XOM: torment (33/64 hp)
  5050 | D:6      | Found an ornate altar of the Wu Jian Council.
  5053 | D:6      | XOM: 2-stop teleportation journey
  5058 | D:6      | Reached skill level 13 in Axes
  5173 | D:6      | XOM: cast spell 'Metabolic Englaciation'
  5239 | D:6      | Found a basalt altar of Yredelemnul.
  5239 | D:6      | XOM: 1-stop teleportation journey
  5277 | D:6      | XOM: snakes to sticks
  5306 | D:6      | Reached skill level 14 in Axes
  5404 | D:6      | Reached XP level 9. HP: 70/70 MP: 7/7
  5431 | D:6      | XOM: give mutation
  5431 | D:6      | Gained mutation: You have a pair of small horns on your
                  | head. [Xom's grace]
  5569 | D:5      | XOM: scenery: 1 fountains blood, 7 doors open, 5 doors
                  | close
  5742 | D:6      | XOM: stat loss: -1 Str (19/20)
  5838 | D:6      | Reached skill level 15 in Axes
  6027 | D:7      | XOM: 2-stop teleportation journey
  6097 | D:7      | Found a staircase to the Ecumenical Temple.
  6162 | D:7      | XOM: summons 3 friendly demons
  6236 | D:7      | Reached skill level 16 in Axes
  6709 | D:6      | XOM: give mutations
  6709 | D:6      | Lost mutation: Your magical capacity is very low. (-20% MP)
                  | [Xom's mischief]
  6709 | D:6      | Lost mutation: You possess an exceptional clarity of mind.
                  | [Xom's mischief]
  6725 | D:6      | Reached skill level 17 in Axes
  6736 | D:7      | XOM: enchant monster (bad)
  6927 | D:7      | XOM: cloud trail
  7014 | D:7      | XOM: give mutations
  7014 | D:7      | Lost mutation: You have large cloven feet. [Xom's grace]
  7014 | D:7      | Gained mutation: You have sharp toenails. [Xom's grace]
  7014 | D:7      | Gained mutation: You are mostly covered in iridescent
                  | scales. (AC +4) [Xom's grace]
  7014 | D:7      | Gained mutation: You have a pair of horns on your head.
                  | [Xom's grace]
  7072 | D:7      | XOM: give mutations
  7072 | D:7      | Gained mutation: You are partially covered in large bone
                  | plates. (SH +4) [Xom's grace]
  7072 | D:7      | Gained mutation: You are strong-willed. (Will+) [Xom's
                  | grace]
  7201 | D:8      | Reached XP level 10. HP: 44/77 MP: 9/9
  7336 | D:8      | XOM: fog
  7397 | D:8      | Identified the amulet "Pieceip" {Faith Int+4} (Xom gifted
                  | it to you on level 8 of the Dungeon)
  7397 | D:8      | XOM: god gift: amulet "Pieceip" {Faith Int+4}
  7669 | D:8      | XOM: god gift: 3 atropa-tipped darts
  8151 | D:8      | XOM: give mutations
  8151 | D:8      | Gained mutation: You are somewhat resistant to further
                  | mutation. [Xom's grace]
  8151 | D:8      | Gained mutation: You are covered in fur. (AC +1) [Xom's
                  | grace]
  8381 | D:8      | XOM: divination: detect creatures
  8436 | D:8      | XOM: cloud trail
  8715 | D:8      | XOM: divination: detect items
  9007 | D:9      | XOM: silly message
  9021 | D:9      | Reached skill level 5 in Fighting
  9089 | D:9      | Found a roughly hewn altar of Beogh.
  9098 | D:9      | XOM: enchant monster (good)
  9310 | D:9      | Found a white marble altar of Elyvilon.
  9329 | D:9      | XOM: confuse monster(s)
  9340 | D:9      | Found a hide-covered altar of Uskayaw.
  9362 | D:9      | XOM: cast spell 'Malign Gateway'
  9455 | D:9      | XOM: scenery: 2 doors open
  9665 | D:9      | XOM: confuse monster(s)
  9719 | D:9      | Noticed a two-headed ogre
  9725 | D:9      | XOM: scenery: 1 doors open, 1 doors close
  9729 | D:9      | Killed a two-headed ogre
  9730 | D:9      | Reached skill level 10 in Fighting
  9769 | D:9      | XOM: scenery: 2 doors open, 1 doors close
  9910 | D:9      | Noticed a two-headed ogre
  9916 | D:9      | XOM: summons 4 friendly demons
  9922 | D:9      | Killed a two-headed ogre
  9923 | D:9      | Reached XP level 11. HP: 102/102 MP: 9/9
  9934 | D:9      | Noticed Erolcha
  9944 | D:9      | Killed Erolcha
  9974 | D:9      | Found an iron altar of Okawaru.
 10048 | D:9      | You are sucked into a shaft and drop 2 floors!
 10067 | D:10     | Entered Level 10 of the Dungeon
 10081 | D:11     | XOM: scenery: 1 doors open
 10095 | D:11     | XOM: 3-stop teleportation journey
 10216 | D:11     | Noticed a two-headed ogre
 10216 | D:11     | XOM: 5-stop teleportation journey
 10415 | D:11     | Killed a two-headed ogre
 10417 | D:11     | XOM: scenery: create altars
 10443 | D:11     | XOM: god gift: 25 gold pieces
 10536 | D:11     | XOM: god gift: hand axe {god gift}
 10611 | D:11     | Found a staircase to the Lair.
 10616 | D:11     | Noticed a death yak
 10616 | D:11     | XOM: cleaving
 10629 | D:11     | XOM: god gift: Xom's Anthology of a Thousand Nightingales
                  | {god gift}
 10633 | D:11     | XOM: scenery: summon butterflies
 10635 | D:11     | Killed a death yak
 10635 | D:11     | XOM: give mutations
 10635 | D:11     | Gained mutation: Your spells are a little harder to cast,
                  | but a little more powerful. [Xom's grace]
 10635 | D:11     | Lost mutation: You are somewhat resistant to further
                  | mutation. [Xom's grace]
 10635 | D:11     | Gained mutation: You have hidden genetic potential. [Xom's
                  | grace]
 10649 | D:11     | Got Xom's Anthology of a Thousand Nightingales {god gift}
 10679 | D:11     | XOM: give mutation
 10679 | D:11     | Lost mutation: You have sharp toenails. [Xom's grace]
 10679 | D:11     | Gained mutation: You have large cloven feet. [Xom's grace]
 10742 | D:11     | Noticed a boulder beetle
 10761 | D:10     | Identified the +2 robe of Peek-a-Boo {rElec rC- Dex+4
                  | Archmagi}
 10788 | D:9      | Noticed Pikel
 10788 | D:9      | XOM: scenery: summon butterflies
 10794 | D:9      | Killed Pikel
 10826 | D:9      | XOM: enchant monster (good)
 10891 | D:9      | XOM: scenery: 1 doors close
 11064 | D:9      | XOM: give mutations
 11064 | D:9      | Gained mutation: Your mind is acute. (Int +4, Str/Dex -1)
                  | [Xom's grace]
 11064 | D:9      | Gained mutation: You are mostly covered in large bone
                  | plates. (SH +6) [Xom's grace]
 11240 | D:3      | Bought a pair of runed boots for 217 gold pieces
 11240 | D:3      | Lost mutation: You have very sharp teeth. [potion of
                  | mutation]
 11240 | D:3      | Lost mutation: You are covered in fur. (AC +1) [potion of
                  | mutation]
 11240 | D:3      | Gained mutation: Your spells are harder to cast, but more
                  | powerful. [potion of mutation]
 11343 | D:7      | XOM: scenery: 2 doors close
 11649 | D:10     | XOM: enchant monster (good)
 11722 | D:10     | Found a shimmering blue altar of Sif Muna.
 11775 | D:10     | XOM: summons friendly ufetubus
 11787 | D:10     | Reached skill level 15 in Fighting
 11900 | D:10     | XOM: god gift: ring of magical power
 11986 | D:10     | Found a snail-covered altar of Cheibriados.
 12040 | D:10     | XOM: noise
 12055 | D:10     | XOM: torment (57/112 hp)
 12121 | D:10     | XOM: summons 6 hostile demons
 12427 | D:10     | XOM: summons 6 hostile demons
 12478 | D:11     | XOM: stat loss: -1 Dex (12/13)
 12572 | D:11     | Noticed Josephine
 12585 | D:11     | Reached XP level 12. HP: 86/121 MP: 10/10
 12589 | D:11     | Killed Josephine
 12971 | D:12     | Noticed Nergalle
 12973 | D:11     | XOM: confusion
 13020 | D:11     | XOM: swap monsters
 13027 | D:11     | a boulder beetle changed into a swamp worm
 13027 | D:11     | XOM: polymorph boulder beetle -> swamp worm
 13050 | Lair:1   | Entered Level 1 of the Lair of Beasts
 13174 | Lair:1   | Noticed Erica
 13174 | Lair:1   | XOM: 4-stop teleportation journey
 13185 | Lair:1   | XOM: 1-stop teleportation journey
 13214 | Lair:1   | XOM: enchant monster (good)
 13217 | Lair:1   | Killed Erica
 13235 | Lair:1   | Gained mutation: Your movements are slightly less
                  | encumbered by armour. (ER -2) [hidden potential]
 13514 | Lair:1   | XOM: confuse monster(s)
 13567 | Lair:1   | XOM: fog
 13686 | Lair:1   | XOM: polymorph blink frog -> endoplasm
 13689 | Lair:1   | XOM: give mutations
 13689 | Lair:1   | Gained mutation: You are completely covered in iridescent
                  | scales. (AC +6) [Xom's grace]
 13689 | Lair:1   | Gained mutation: Your spells are much harder to cast, but
                  | much more powerful. [Xom's grace]
 13689 | Lair:1   | Gained mutation: Your flesh is heat resistant. (rF+) [Xom's
                  | grace]
 13689 | Lair:1   | Lost mutation: You have large cloven feet. [Xom's grace]
 13689 | Lair:1   | Gained mutation: You have sharp toenails. [Xom's grace]
 13904 | Lair:1   | XOM: god gift: staff of earth
 13906 | Lair:1   | Identified the +3 whip of Nolo Contendere {vamp, rElec
                  | Str+3}
 14065 | Lair:1   | XOM: scenery: create altars
 14266 | Lair:2   | XOM: cleaving
 14270 | Lair:2   | Reached skill level 18 in Axes
 14307 | Lair:2   | XOM: summons friendly iron imp
 14342 | Lair:2   | Noticed a catoblepas
 14348 | Lair:2   | Killed a catoblepas
 14350 | Lair:2   | XOM: polymorph blink frog -> boggart
 14668 | Lair:2   | XOM: fog
 14678 | Lair:2   | Reached skill level 19 in Axes
 14705 | Lair:2   | XOM: 5-stop teleportation journey
 14713 | Lair:2   | XOM: summons friendly crimson imp
 14730 | Lair:2   | Reached XP level 13. HP: 106/134 MP: 11/11
 14859 | Lair:2   | Found a hole to the Spider Nest.
 14865 | Lair:2   | XOM: summons friendly shadow imp
 14866 | Lair:2   | XOM: confuse monster(s)
 14948 | Lair:2   | XOM: polymorph shadow imp -> cerulean imp
 15034 | Lair:2   | Reached skill level 20 in Axes
 15423 | Lair:3   | XOM: confuse monster(s)
 15449 | Lair:3   | XOM: give mutation
 15449 | Lair:3   | Gained mutation: Your skin changes colour to match your
                  | surroundings (Stealth+). [Xom's grace]
 15471 | Lair:3   | XOM: cloud trail
 15555 | Lair:3   | Gained mutation: You expend magic power (3 MP) to
                  | strengthen your wands. [hidden potential]
 15555 | Lair:3   | Lost mutation: You have hidden genetic potential. [hidden
                  | potential expressed]
 15664 | Lair:3   | XOM: noise
 15777 | Lair:3   | XOM: destruction
 15786 | Lair:3   | Reached skill level 21 in Axes
 15919 | Lair:3   | Found a runed translucent gate.
 15919 | Lair:3   | Found a runed translucent gate.
 15921 | Lair:3   | Found a runed translucent gate.
 15928 | Lair:3   | Noticed a minotaur
 15944 | Lair:3   | XOM: cast spell 'Summon Mana Viper'
 15955 | Lair:3   | Noticed cfcfcfcfcf's ghost (journeyman DrRe)
 16078 | Lair:3   | XOM: give mutations
 16078 | Lair:3   | Gained mutation: You have very sharp teeth. [Xom's grace]
 16078 | Lair:3   | Gained mutation: Your flesh is cold resistant. (rC+) [Xom's
                  | grace]
 16078 | Lair:3   | Gained mutation: You have extremely sharp teeth. [Xom's
                  | grace]
 16128 | Lair:3   | XOM: polymorph cane toad -> boggart
 16129 | Lair:3   | XOM: god gift: 5 stones
 16132 | Lair:3   | XOM: scenery: 3 doors open
 16134 | Lair:3   | XOM: polymorph six-headed hydra -> shapeshifter
 16143 | Lair:3   | XOM: cast spell 'Summon Mana Viper'
 16149 | Lair:2   | Killed a minotaur
 16178 | Lair:2   | XOM: god gift: wand of flame (3)
 16286 | Lair:2   | XOM: cast spell 'Summon Small Mammal'
 16288 | Lair:2   | XOM: confuse monster(s)
 16302 | Lair:2   | Killed cfcfcfcfcf's ghost
 16465 | Lair:3   | Found the +1 robe of Vines {NoPotionHeal Regen++++}
 16465 | Lair:3   | XOM: 5-stop teleportation journey
 16482 | Lair:3   | Identified the amulet "Oluashre" {RegenMP Fly Dex+7}
 16496 | Lair:3   | XOM: confusion
 16497 | Lair:3   | XOM: summons 4 friendly demons
 16563 | Lair:3   | Found a staircase to the Shoals.
 16656 | Lair:3   | XOM: 1-stop teleportation journey
 16668 | Lair:3   | XOM: cast spell 'Olgreb's Toxic Radiance'
 16894 | Lair:3   | XOM: give mutation
 16894 | Lair:3   | Gained mutation: You are covered in fur. (AC +1) [Xom's
                  | grace]
 17023 | Lair:3   | XOM: give mutation
 17023 | Lair:3   | Gained mutation: You have razor-sharp toenails. [Xom's
                  | grace]
 17027 | Lair:3   | XOM: cloud trail
 17109 | Lair:3   | Reached skill level 5 in Armour
 17400 | Lair:4   | XOM: cleaving
 17413 | Lair:4   | XOM: enchant monster (good)
 17436 | Lair:4   | Found a staircase to the Slime Pits.
 17436 | Lair:4   | Found a viscous altar of Jiyva.
 17532 | Lair:4   | XOM: summons friendly chaos spawn
 17693 | Lair:4   | Reached XP level 14. HP: 117/141 MP: 12/12
 17744 | Lair:4   | XOM: give mutations
 17744 | Lair:4   | Gained mutation: You have a pair of large horns on your
                  | head. [Xom's grace]
 17744 | Lair:4   | Gained mutation: Your flesh is very heat resistant. (rF++)
                  | [Xom's grace]
 17744 | Lair:4   | Gained mutation: You have hidden genetic potential. [Xom's
                  | grace]
 17760 | Lair:4   | XOM: divination: detect creatures
 17860 | Lair:4   | XOM: polymorph fire bat -> orc
 18010 | Lair:4   | Acquired the +8 Wrath of Trog {antimagic, *Rage Rampage}
 18010 | Lair:4   | Found the +8 Wrath of Trog {antimagic, *Rage Rampage}
 18238 | Lair:4   | XOM: divination: magic mapping
 18342 | Lair:4   | XOM: destruction
 18366 | Lair:4   | XOM: scenery: summon butterflies
 18413 | Lair:5   | Entered Level 5 of the Lair of Beasts
 18432 | Lair:5   | XOM: cleaving
 18467 | Lair:5   | XOM: polymorph torpor snail -> black bear
 18499 | Lair:5   | XOM: 2-stop teleportation journey
 18535 | Lair:5   | XOM: summons 4 friendly demons
 18610 | Lair:5   | Reached skill level 10 in Armour
 18619 | Lair:5   | XOM: give mutation
 18619 | Lair:5   | Gained mutation: You have great hidden genetic potential.
                  | [Xom's grace]
 18641 | Lair:5   | XOM: cast spell 'Summon Hydra'
 18656 | Lair:5   | Found a burning altar of Makhleb.
 18658 | Lair:5   | XOM: summons 9 friendly demons
 18670 | Lair:5   | Found a gateway to Hell.
 18707 | Lair:5   | XOM: scenery: 1 doors open, 1 doors close
 18737 | Lair:5   | XOM: god gift: flail {god gift}
 19062 | Lair:5   | XOM: fog
 19070 | Lair:5   | XOM: summons friendly crimson imp
 19072 | Lair:5   | XOM: confuse monster(s)
 19073 | Lair:5   | XOM: scenery: 2 fountains blood, 1 doors open
 19087 | Lair:5   | XOM: divination: magic mapping
 19220 | Lair:5   | XOM: summons 12 friendly demons
 19254 | Lair:5   | XOM: polymorph blink frog -> blink frog
 19681 | Lair:5   | XOM: summons friendly shadow imp
 19684 | Lair:5   | XOM: fog
 19689 | Lair:5   | XOM: scenery: summon butterflies
 19690 | Lair:5   | XOM: summons friendly white imp
 19752 | Lair:5   | XOM: summons 2 hostile shadow creatures
 19959 | Lair:5   | XOM: stat loss: -1 Dex (12/13)
 20307 | Lair:5   | XOM: give mutations
 20307 | Lair:5   | Lost mutation: Your flesh is cold resistant. (rC+) [Xom's
                  | mischief]
 20307 | Lair:5   | Lost mutation: You have a pair of large horns on your head.
                  | [Xom's mischief]
 20307 | Lair:5   | Lost mutation: You passively map a small area around you.
                  | [Xom's mischief]
 20543 | D:12     | XOM: enchant monster (good)
 20545 | D:12     | Killed Nergalle
 20554 | D:12     | XOM: silly message
 20556 | D:12     | XOM: confusion (+ monsters)
 20557 | D:12     | XOM: polymorph white ugly thing -> purple ugly thing
 20561 | D:12     | XOM: summons 3 hostile demons
 20591 | D:12     | XOM: give mutations
 20591 | D:12     | Lost mutation: Your skin changes colour to match your
                  | surroundings (Stealth+). [Xom's mischief]
 20591 | D:12     | Lost mutation: You are mostly covered in large bone plates.
                  | (SH +6) [Xom's mischief]
 20618 | D:12     | XOM: stat loss: -1 Str (19/20)
 20657 | D:12     | XOM: stat loss: -1 Dex (11/13)
 20729 | D:12     | Noticed Nessos
 20737 | D:12     | XOM: enchant monster (bad)
 21043 | D:12     | Killed Nessos
 21044 | D:12     | Reached XP level 15. HP: 119/148 MP: 13/13
 21256 | D:12     | XOM: summons 8 hostile demons
 21263 | D:12     | XOM: give mutation
 21263 | D:12     | Lost mutation: You are partially covered in large bone
                  | plates. (SH +4) [Xom's mischief]
 21376 | D:12     | Gained mutation: You passively dampen the noise of your
                  | surroundings. [hidden potential]
 21539 | D:12     | Noticed Psyche
 21545 | D:12     | XOM: summons 8 hostile demons
 21546 | D:12     | Killed Psyche
 21636 | D:12     | Noticed Azrael
 21640 | D:12     | Killed Azrael
 21756 | D:12     | Found a staircase to the Orcish Mines.
 21758 | D:12     | XOM: give mutation
 21758 | D:12     | Gained mutation: You are resistant to electric shocks.
                  | (rElec) [Xom's grace]
 21875 | Orc:1    | Entered Level 1 of the Orcish Mines
 21912 | Orc:1    | Found a frozen archway.
 21912 | Orc:1    | XOM: destruction
 21920 | Orc:1    | XOM: cleaving
 21925 | Orc:1    | XOM: polymorph ice dragon -> lindwurm
 21927 | Orc:1    | Reached skill level 15 in Armour
 21942 | IceCv    | Entered an ice cave
 22023 | IceCv    | XOM: 1-stop teleportation journey
 22049 | IceCv    | XOM: summons 4 friendly demons
 22071 | IceCv    | HP: 3/222 [harpy simulacrum (10)]
 22071 | IceCv    | Mangled by a harpy simulacrum

Illustrated notes

Levels and vault maps discovered:
D:1:      erik_arrival_triangle_medium, layout_basic
D:2:      layout_basic, chequers_ecumenical_altar_simple_redux, uniq_jessica
D:3:      layout_loops_ring, serial_shops, nicolae_shop_waterfront,
          hangedman_decor_lopped, uniq_sigmund
D:4:      layout_loops_ring, nicolae_overflow_hidden_temple, serial_aquarium,
          aquarium_bridge_square [aquarium_subvault_bridge,
          aquarium_subvault_bridge, aquarium_subvault_wall,
          aquarium_subvault_wall], aquarium_bridge_long_separate
          [aquarium_subvault_wall, aquarium_subvault_bridge,
          aquarium_subvault_wall, aquarium_subvault_bridge,
          aquarium_subvault_bridge, aquarium_subvault_bridge],
          aquarium_window_corridor_3, aquarium_window_2, aquarium_window_1,
          aquarium_window_fake, aquarium_view_2d, aquarium_view_2c,
          aquarium_pool_five, minmay_misc_feat_more_columns,
          minmay_misc_feat_doors, uniq_eustachio
D:5:      layout_loops_ring, mainiacjoe_overflow_paths,
          chequers_serial_rivers_micro_d, kennysheep_nub,
          nicolae_elevator_lobby_plus
D:6:      layout_gridville, mainiacjoe_overflow_concentric_impassable,
          overflow_temple_1_default
D:7:      layout_gridville, minmay_temple_entry_mist
D:8:      layout_layer_cave, serial_bayou, serial_bayou_lagoon_a,
          serial_bayou_shore_b, serial_bayou_pond_a, serial_bayou_pond_c,
          chequers_garden
D:9:      layout_roguey [special_room_orc], mainiacjoe_overflow_surrounded_room,
          eat_drink_and_be_merry_uskayaw, okawaru_trees_2, serial_corexii_hall,
          chequers_hall_statues_corner_a, corexii_hall_statues_l,
          corexii_hall_statues_x, hangedman_decor_riveting, grunt_ministairs_5,
          uniq_erolcha, uniq_pikel
D:10:     layout_stronghold, mainiacjoe_overflow_chevrons,
          mainiacjoe_overflow_alcove_4
D:11:     layout_stronghold, david_lair_generic, grunt_decor_resistance,
          uniq_josephine, uniq_fannar
D:12:     layout_roguey, erik_orc_1, abandoned_shop, uniq_psyche, uniq_nessos,
          uniq_nergalle, uniq_azrael
Lair:1:   layout_chaotic_city, uniq_erica
Lair:2:   layout_concentric_octagons, spider_nest_entry_rubble
Lair:3:   nzn_motion_control, layout_gridlike, shoals_dummy_entry,
          maelrawn_ghost_gauntlet_escape, infiniplex_staircase_pool_2
Lair:4:   layout_gridlike, slime_entry_1
Lair:5:   evil_forest, layout_hall_layers, grunt_megastairs_5
Orc:1:    layout_caves, portal_ice_cave_entry_animals_and_master, basic_altar,
          uniq_sonja
IceCv:    ice_cave_statue_garden_chambered

Skill      XL: |  1  2  3  4  5  6  7  8  9 10 11 12 13 14 15 |
---------------+----------------------------------------------+-----
Axes           | 3 4 5 8 9 11 14 17 19 21 | 21.9
Fighting       | 11 15 17 | 17.7
Armour         | 7 14 15 | 15.4
Shields        | |  3.2

Action                     |  1- 3 |  4- 6 |  7- 9 | 10-12 | 13-15 || total
---------------------------+-------+-------+-------+-------+-------++-------
  Melee: War axe           |    83 |   115 |   212 |   116 |       ||   526
         Bite              |       |       |    19 |    27 |    59 ||   105
         Headbutt          |       |       |    17 |    56 |   111 ||   184
         Battleaxe         |       |       |       |   240 |   445 ||   685
  Throw: Javelin           |       |       |     1 |     3 |     1 ||     5
  Evoke: Wand              |       |       |       |       |    29 ||    29
         Phial of floods   |       |       |       |       |     1 ||     1
    Use: Potion            |     1 |     4 |     1 |     2 |     2 ||    10
         Scroll            |       |       |    14 |    14 |     9 ||    37
   Stab: Confused          |       |     1 |     1 |     8 |     1 ||    11
         Distracted        |       |       |     1 |     1 |     2 ||     4
         Petrified         |       |       |       |     4 |       ||     4
         Paralysed         |       |       |       |     1 |       ||     1
         Invisible         |       |       |       |     2 |       ||     2
 Armour: Scale mail        |    58 |   101 |       |       |       ||   159
         Plate armour      |       |    21 |   189 |   337 |   545 ||  1092
         Skin              |       |       |       |       |    21 ||    21
  Dodge: Dodged            |    52 |    72 |    51 |    84 |   156 ||   415
  Block: Buckler           |    30 |    29 |    42 |    44 |       ||   145
         Other             |       |       |       |    50 |    57 ||   107
